cohdb
Replays
Latest Replays
All Replays
Popular Replays
Top Player Replays
Match Explorer
How It Works
Community
CoH3 Stats
Reddit
Sign in to upload your games and track your stats! →
Sign in with Steam
Match 46693543
Unlisted
Match 46693543
Overview
Messages
Build Orders
End
Construct Weapon Support Center
M1919 Machine Gun Team
Bazooka Squad
M1919 Machine Gun Team
Bazooka Squad
Engineer Squad
Mechanized Support Center
Construct Medical Station
M3 Armored Personnel Carrier
Selects Heavy Weapons
Selects M2HB .50cal Heavy Machine Gun
Selects Assault Carriers
M3 Assault Carrier
M3 Assault Carrier
Selects Halftrack Strongpoints
M1919 Machine Gun Team
M3 Assault Carrier
Designate Forward Repair Station
Engineer Squad
.30 cal Machine Gun
Construct Tank Depot
M4(105) Sherman Bulldozer
402314279
Duke
勇敢的心
cfsun0419
Speedbird
lucas
louismiguelzacarias27
Tiiiinnnneeee
0
0
Comments
sign in to comment!
No comments posted yet!